 Dungeon Crawl Stone Soup version 0.31-a0-177-g4aa6249778 (webtiles) character file.

Game seed: 630233130175992167

696 qw the Chopper (level 7, -3/44 HPs)
             Began as a Gargoyle Fighter on June 18, 2023.
             Slain by an ogre
             ... wielding a +0 giant club
              (22 damage)
             ... on level 5 of the Dungeon.
             The game lasted 00:02:05 (4082 turns).

qw the Chopper (Gargoyle Fighter)                   Turns: 4082, Time: 00:02:06

Health: -3/44      AC: 13    Str: 22    XL:     7   Next: 64%
Magic:  7/7        EV:  9    Int:  8    God:
Gold:   228        SH:  9    Dex:  9    Spells: 6/6 levels left

rFire   . . .        Y - +1 war axe
rCold   . . .        c - +0 buckler
rNeg    + . .        b - +0 scale mail
rPois   inf          (no helmet)
rElec   +            (no cloak)
rCorr   .            g - +1 pair of gloves
SInv    .            (no boots)
Will    .....        n - amulet of reflection Stlth
                     (no ring)
HPRegen 0.27/turn    (no ring)
MPRegen 0.10/turn

%: reflection
@: no status effects
A: sickness immunity, AC +4, negative energy resistance 1, electricity
resistance, torment resistance 1, petrification resistance
a: no special abilities


You were on level 5 of the Dungeon.
You visited 1 branch of the dungeon, and saw 5 of its levels.

You collected 228 gold pieces.


Innate Abilities, Weirdness & Mutations

You are immune to sickness and miasma.
Your stone body is resilient. (AC +4)
You are immune to poison.
You resist negative energy. (rN+)
You are resistant to electric shocks. (rElec)
You are resistant to unholy torment.
You are immune to petrification.


   Skills:
 + Level 4.5 Fighting
 - Level 7.0 Axes
 - Level 3.2 Armour
 - Level 1.0 Dodging
 - Level 3.2 Shields


You had 6 spell levels left.
You didn't know any spells.
Your spell library was empty.

Inventory:

Hand Weapons
 f - a +0 flail
 Y - a +1 war axe (weapon)
Armour
 b - a +0 scale mail (worn)
 c - a +0 buckler (worn)
 g - a +1 pair of gloves (worn)
Jewellery
 n - an amulet of reflection (around neck)
Wands
 l - a wand of digging (8)
Scrolls
 a - 2 scrolls of identify
Potions
 d - a potion of might
 e - a potion of magic
 h - a potion of enlightenment
 j - a potion of resistance
 k - a potion of haste
 m - a potion of mutation

Dungeon Overview and Level Annotations

Branches:
Dungeon (5/15)
 Temple: D:4-7

Altars:
Cheibriados
Elyvilon
Sif Muna

Shops:
D:2 [

Annotations:
D:2 1 runed translucent door, Crazy Yiuf


Message History

You feel less confused.
The orc wizard gestures at you while chanting.
The magic dart hits you but does no damage.
You block the orc's attack. The orc hits you but does no damage.
Something hits you. You block the orc priest's attack.
You slash the orc priest!
You kill the orc priest!
You hit the orc. You slash the orc wizard! You closely miss something.
You slash the orc!
You kill the orc!
The orc wizard hits you but does no damage.
A magic dart appears from out of thin air!
The magic dart hits you but does no damage.
An ogre comes into view. It is wielding a +0 giant club.
You block the orc's attack.
You hit the orc wizard.
You kill the orc wizard!
You barely miss something. You closely miss the orc. The orc barely misses you.
You hear some strange, mumbled words.
A puff of flame appears from out of thin air!
The puff of flame hits you!
You slash the orc!
You kill the orc!
You completely miss the orc. You barely miss something.
You block the orc's attack. Something hits you but does no damage.
You slash the orc!
You kill the orc!
You closely miss something. Something hits you.
4080 ||| FLEEEEING.
Something hits you but does no damage.
Found 12 gold pieces.
Something hits you but does no damage.
4081 ||| FLEEEEING.
Something hits you but does no damage.
Enter note: You slash the ogre!
The ogre is heavily wounded.
You miss something. You barely miss something.
The ogre hits you with a +0 giant club!!
Ouch! That really hurt!
You die...

. ##........# ..
#......#........# ..$
#.......#.......#
...##.......#......####
#..#.........<.......## .
#.........#.#..##......
..###........####......(..
............###.#.........
.....#..O@.###............
......))............#.##.
......)....##.#####.###
......))...#....#....#
...........##........#
##........##.........#
>.##......##...###..## .
....#..####...##.##
....##.## #...####


You could see an ogre.

Vanquished Creatures
  Sigmund (D:3)
  An ogre (D:4)
  A hound (D:5)
  An orc priest (D:5)
  A jelly (D:4)
  An iguana (D:5)
  An orc wizard (D:5)
  14 gnolls (D:3)
  5 adders
  3 worms
  A dart slug (D:3)
  10 orcs
  4 bats
  3 endoplasms (D:3)
  4 giant cockroaches
  26 hobgoblins
  8 kobolds
  2 quokkas
  6 ball pythons
  4 frilled lizards
  26 goblins
  4 rats
127 creatures vanquished.

Notes
Turn   | Place    | Note
-------+----------+-------------------------------------------
     0 | D:1      | qw the Gargoyle Fighter began the quest for the Orb.
     0 | D:1      | Reached XP level 1. HP: 14/14 MP: 1/1
     0 | D:1      | 0 ||| qw: Version: 0.3-a-7-ge0c9b40
     0 | D:1      | 0 ||| qw: Game counter: 787
     0 | D:1      | 0 ||| qw: Always use a shield: true
     0 | D:1      | 0 ||| qw: God list: Okawaru
     0 | D:1      | 0 ||| qw: Allow faded altars: false
     0 | D:1      | 0 ||| qw: Do Orc after D:15 true
     0 | D:1      | 0 ||| qw: Do second Lair branch before Depths: true
     0 | D:1      | 0 ||| qw: Lair rune preference: random
     0 | D:1      | 0 ||| qw: Plans: Normal, Zot:1-4, Slime:5, God:TSO, Crypt,
                  | Tomb, Abyss, Pan, Hells, Win
     0 | D:1      | 0 ||| PLANNING D:1-11
    26 | D:1      | Reached skill level 2 in Axes
   143 | D:1      | Reached XP level 2. HP: 19/19 MP: 2/2
   705 | D:1      | 705 ||| READING scroll labelled RYOFYPR RAEROBB.
   706 | D:1      | 706 ||| READING 2 scrolls labelled XOUBENTUGY.
   807 | D:1      | 807 ||| READING scroll labelled KOHYCI UCUUR.
   808 | D:1      | 808 ||| READING scroll labelled CAMEMA EMUZI.
   809 | D:1      | 809 ||| READING 2 scrolls labelled FYPLICW ILOM.
   822 | D:1      | 822 ||| READING scroll labelled VYMI KELLUWERCH.
   826 | D:1      | 826 ||| DROPPING scroll of silence.
   827 | D:1      | 827 ||| DROPPING scroll of torment.
   875 | D:2      | Reached skill level 3 in Axes
  1049 | D:2      | Reached XP level 3. HP: 22/23 MP: 3/3
  1054 | D:2      | Found a faded altar of an unknown god.
  1691 | D:2      | Found a runed translucent door.
  1692 | D:2      | Noticed Crazy Yiuf
  1722 | D:2      | Found Cekh's Armour Emporium.
  1726 | D:2      | 1726 ||| SHOPLISTING +1 ring mail of cold resistance (192
                  | gold, have 83).
  1965 | D:2      | 1965 ||| READING scroll labelled HUSAEW KATANIK.
  1966 | D:2      | 1966 ||| READING scroll labelled ARGHYX XOUTITTO.
  2274 | D:3      | Reached XP level 4. HP: 28/28 MP: 4/4
  2275 | D:3      | 2275 ||| Stepping ~*~*~tactically~*~*~ (stealth).
  2401 | D:3      | Noticed Sigmund
  2413 | D:3      | Killed Sigmund
  2414 | D:3      | Reached skill level 5 in Axes
  2414 | D:3      | Reached XP level 5. HP: 29/32 MP: 5/5
  2580 | D:3      | Reached XP level 6. HP: 37/37 MP: 6/6
  2797 | D:3      | 2797 ||| Stepping ~*~*~tactically~*~*~ (hiding).
  2861 | D:3      | 2861 ||| Stepping ~*~*~tactically~*~*~ (hiding).
  2953 | D:3      | Reached skill level 1 in Dodging
  3041 | D:3      | 3041 ||| Stepping ~*~*~tactically~*~*~ (hiding).
  3186 | D:3      | 3186 ||| Stepping ~*~*~tactically~*~*~ (stealth).
  3187 | D:3      | 3187 ||| Stepping ~*~*~tactically~*~*~ (stealth).
  3188 | D:3      | 3188 ||| Stepping ~*~*~tactically~*~*~ (stealth).
  3225 | D:3      | Reached skill level 6 in Axes
  3235 | D:3      | HP: 8/38 [gnoll/+0 spear (7)]
  3350 | D:3      | 3350 ||| DROPPING +0 club.
  3375 | D:3      | 3375 ||| DROPPING +0 whip.
  3510 | D:3      | 3510 ||| UPGRADING to +1 pair of gloves.
  3515 | D:3      | 3515 ||| READING scroll labelled COFELA UGREKLI.
  3516 | D:3      | 3516 ||| READING scroll labelled QARESY JIKIUCLEERGH.
  3517 | D:3      | 3517 ||| READING 4 scrolls of identify.
  3517 | D:3      | 3517 ||| IDENTIFYING lumpy black potion
  3518 | D:3      | 3518 ||| READING 3 scrolls of identify.
  3518 | D:3      | 3518 ||| IDENTIFYING clear potion
  3519 | D:3      | 3519 ||| READING 2 scrolls of identify.
  3519 | D:3      | 3519 ||| IDENTIFYING yellow potion
  3520 | D:3      | 3520 ||| Stepping ~*~*~tactically~*~*~ (water).
  3531 | D:3      | 3531 ||| DROPPING potion of brilliance.
  3560 | D:4      | Reached XP level 7. HP: 43/43 MP: 7/7
  3576 | D:4      | 3576 ||| Stepping ~*~*~tactically~*~*~ (stealth).
  3599 | D:4      | Found a white marble altar of Elyvilon.
  3621 | D:4      | Found a shimmering blue altar of Sif Muna.
  3621 | D:4      | Found a snail-covered altar of Cheibriados.
  3970 | D:4      | 3970 ||| UPGRADING to amulet of reflection.
  3975 | D:4      | 3975 ||| READING 2 scrolls labelled FYWUAT JUONGIN.
  3976 | D:4      | 3976 ||| READING 5 scrolls of identify.
  3976 | D:4      | 3976 ||| IDENTIFYING bubbling brown potion
  3977 | D:4      | 3977 ||| READING 4 scrolls of identify.
  3977 | D:4      | 3977 ||| IDENTIFYING lumpy coppery potion
  3978 | D:4      | 3978 ||| READING 3 scrolls of identify.
  3978 | D:4      | 3978 ||| IDENTIFYING metallic red potion
  3979 | D:4      | 3979 ||| DROPPING scroll of immolation.
  4000 | D:5      | Entered Level 5 of the Dungeon
  4023 | D:5      | Reached skill level 7 in Axes
  4080 | D:5      | 4080 ||| FLEEEEING.
  4081 | D:5      | 4081 ||| FLEEEEING.
  4082 | D:5      | Slain by an ogre

Levels and vault maps discovered:
D:1:      dpeg_arrival_oval, layout_basic
D:2:      layout_basic, serial_shops, nicolae_shop_back_alley_shop,
          shapermc_ecumenical_altar_mp_ritualfount, uniq_crazy_yiuf_cottage
D:3:      minmay_goblin_kobold_castle, layout_basic, minmay_door_square,
          uniq_sigmund
D:4:      layout_rooms, grunt_temple_overflow_open, minmay_tree_intersection
D:5:      layout_cave_pools, minmay_crossroads

Skill      XL: |  1  2  3  4  5  6  7 |
---------------+----------------------+-----
Axes           | 2 3 5 6 7 |  7.0
Fighting       | 4 |  4.5
Dodging        | 1 |  1.0
Armour         | |  3.2
Shields        | |  3.2

Action                     |  1- 3 |  4- 6 |  7- 9 || total
---------------------------+-------+-------+-------++-------
  Melee: War axe           |   117 |   165 |    66 ||   348
    Use: Scroll            |     8 |     5 |     4 ||    17
 Armour: Scale mail        |    59 |    86 |    55 ||   200
  Dodge: Dodged            |    45 |    82 |    30 ||   157
  Block: Buckler           |    19 |    33 |    20 ||    72

Table legend:
 A = Non-vault XP
 B = Vault XP
 C = Vault XP percentage of total XP
 D = Non-vault monster count
 E = Vault monster count
 F = Vault count percentage of total count
                 A         B        C        D         E       F
            +---------+---------+-------+---------+---------+-------
      Total |     501 |     494 |  49.6 |      69 |      58 |  45.7
            +---------+---------+-------+---------+---------+-------
        D:1 |      24 |       0 |   0.0 |      15 |       0 |   0.0
        D:2 |      38 |       0 |   0.0 |      14 |       0 |   0.0
        D:3 |      49 |     494 |  91.0 |      17 |      58 |  77.3
        D:4 |     216 |       0 |   0.0 |      13 |       0 |   0.0
        D:5 |     174 |       0 |   0.0 |      10 |       0 |   0.0
            +---------+---------+-------+---------+---------+-------
